 Dungeon Crawl Stone Soup version 0.21.1-1-g345015f (webtiles) character file.

2 tidbits the Insei (level 1, 17/17 HPs)
             Began as a Gnoll Transmuter on Mar 23, 2018.
             Quit the game on level 1 of the Dungeon.
             The game lasted 00:01:06 (168 turns).

tidbits the Insei (Gnoll Transmuter)                 Turns: 168, Time: 00:01:06

Health: 17/17      AC:  2    Str: 12    XL:     1   Next: 40%
Magic:  6/6        EV: 14    Int: 15    God:
Gold:   10         SH:  0    Dex: 15    Spells: 8/9 levels left

rFire    . . .     SeeInvis .     - Unarmed
rCold    . . .     Gourm    .   (no shield)
rNeg     . . .     Faith    .   b - +0 robe
rPois    .         Spirit   .   (no helmet)
rElec    .         Reflect  .   (no cloak)
rCorr    .         Harm     .   (no gloves)
MR       .....                  (no boots)
Stlth    +.........             (no amulet)
HPRegen  0.05/turn              (no ring)
MPRegen  0.10/turn              (no ring)

@: appendage
A: distributed training, fangs 1, horns 2, strong nose
a: End Transformation


You were on level 1 of the Dungeon.
You were not hungry.
You had grown temporary horns.
You visited 1 branch of the dungeon, and saw 1 of its levels.

You collected 10 gold pieces.

Inventory:

Missiles
 a - 12 arrows
 e - 34 stones (quivered)
Armour
 b - a +0 robe (worn)
Potions
 f - a potion of magic {unknown}
Books
 c - a book of Changes

   Spells                             Type                      Level
   a - Beastly Appendage              Transmutation                1
   b - Sticks to Snakes               Transmutation                2
   c - Spider Form                    Transmutation/Poison         3
   d - Ice Form                       Ice/Transmutation            4
   e - Blade Hands                    Transmutation                5
Comestibles
 d - 2 rations


   Skills:
 + Level 2.3 Fighting
 + Level 0.0 Short Blades
 + Level 0.0 Long Blades
 + Level 0.0 Axes
 + Level 0.0 Maces & Flails
 + Level 0.0 Polearms
 + Level 0.0 Staves
 + Level 0.0 Slings
 + Level 0.0 Bows
 + Level 0.0 Crossbows
 + Level 0.0 Throwing
 + Level 0.0 Armour
 + Level 4.4 Dodging
 + Level 0.0 Stealth
 + Level 0.0 Shields
 + Level 6.4 Unarmed Combat
 + Level 4.8 Spellcasting
 + Level 0.0 Conjurations
 + Level 0.0 Hexes
 + Level 0.0 Charms
 + Level 0.0 Summonings
 + Level 0.0 Necromancy
 + Level 0.0 Translocations
 + Level 3.6 Transmutations
 + Level 0.0 Fire Magic
 + Level 0.0 Ice Magic
 + Level 0.0 Air Magic
 + Level 0.0 Earth Magic
 + Level 0.0 Poison Magic
 + Level 0.1 Invocations
 + Level 0.0 Evocations


You had 8 spell levels left.
You knew the following spells:

 Your Spells              Type           Power        Failure   Level  Hunger
e - Beastly Appendage     Tmut           ##....       3%          1    None


Dungeon Overview and Level Annotations

Branches:
Dungeon (1/15)

Altars:


Innate Abilities, Weirdness & Mutations

Your experience applies equally to all skills.
You have very sharp teeth.
Your uncanny sense of smell can sniff out nearby items.
You have a pair of horns on your head.


Message History

Welcome, tidbits the Gnoll Transmuter.
Will you prevail where others failed? Will you find the Orb of Zot?
Press ? for a list of commands and other information.
Found a staircase leading out of the dungeon.
You enter the shallow water.
Moving in this stuff is going to be slow.
Found 5 stones.
Found a ration.
You see here 5 stones.
e - 5 stones You see here a ration.
d - 2 rations (gained 1)
You enter the shallow water.
Moving in this stuff is going to be slow.
You open the door.
There is an open door here.
You open the door.
There is an open door here.
A leopard gecko comes into view.
Casting: Beastly Appendage
Confirm with . or Enter, or press ? or * to list all spells.
You grow a pair of large bovine horns.
The leopard gecko hisses angrily.
Found a ruby potion.
You hit the leopard gecko.
The leopard gecko is almost dead.
The leopard gecko barely misses you.
You miss the leopard gecko. Your punch misses the leopard gecko.
The leopard gecko is almost dead.
The leopard gecko barely misses you.
You hit the leopard gecko.
You kill the leopard gecko!
You see here a leopard gecko corpse.
You see here a ruby potion.
f - a ruby potion You open the door.
Your transformation is almost over.
There is an open door here.
As you open the door, it creaks loudly!
There is an open door here.
Your horns disappear.
Found 29 stones.
Found 10 gold pieces.
You see here 29 stones.
e - 34 stones (gained 29)
You see here 10 gold pieces.
You now have 10 gold pieces.
A bat comes into view.
Casting: Beastly Appendage
Confirm with . or Enter, or press ? or * to list all spells.
You grow a pair of large bovine horns.
The bat misses you. The bat hits you.
You punch the bat!
You kill the bat!
Are you sure you want to abandon this character and quit the game? (Confirm with "yes".)

##.#############..#
..
#..............#..#
..
##############.#..#
. ..........#..# .
#####....†#..#
#....#.##.#..#
#.##.#.#.....#####
#.#.......#.###...
#@####.##.#.# #.##
#.......#.#†# #.#
#########.#.###.#
.#.....# #######


There were no monsters in sight!

Vanquished Creatures
  A leopard gecko (D:1)
  A bat (D:1)
2 creatures vanquished.

Notes
Turn   | Place    | Note
-------+----------+-------------------------------------------
     0 | D:1      | tidbits the Gnoll Transmuter began the quest for the Orb.
     0 | D:1      | Reached XP level 1. HP: 17/17 MP: 6/6
   168 | D:1      | Quit the game

Action                   || total
-------------------------++-------
Melee: Unarmed           ||     4
 Cast: Beastly Appendage ||     2
Dodge: Dodged            ||     3

Table legend:
 A = Turns spent in this place as a percentage of turns spent in the entire game.
 B = Non-inter-level travel turns spent in this place as a percentage of non-inter-level travel turns spent in the entire game.
 C = Inter-level travel turns spent in this place as a percentage of turns spent in this place.
 D = Turns resting spent in this place as a percentage of non-inter-level travel turns spent in this place.
 E = Turns spent auto-exploring this place as a percentage of non-inter-level travel turns spent in this place.
 F = Non-inter-level travel turns spent in this place divided by the number of levels of this place that you've seen.
                   A       B       C       D       E      F
               +-------+-------+-------+-------+-------+----------------------
         Total | 100.0 | 100.0 |   0.0 |   0.0 |   0.0 | 168.0
       Dungeon | 100.0 | 100.0 |   0.0 |   0.0 |   0.0 | 168.0
               +-------+-------+-------+-------+-------+----------------------

Table legend:
 A = Kills in this place as a percentage of kills in entire the game.
 B = Kills by you in this place as a percentage of kills by you in the entire game.
 C = Kills by friends in this place as a percentage of kills by friends in the entire game.
 D = Other kills in this place as a percentage of other kills in the entire game.
 E = Experience gained in this place as a percentage of experience gained in the entire game.
 F = Experience gained in this place divided by the number of levels of this place that you have seen.
                   A       B       C       D       E      F
               +-------+-------+-------+-------+-------+----------------------
         Total | 100.0 | 100.0 |   N/A |   N/A | 100.0 |   4.0
       Dungeon | 100.0 | 100.0 |   N/A |   N/A | 100.0 |   4.0
               +-------+-------+-------+-------+-------+----------------------

Vault maps used:
D:1:      ncdulo_watergridlock, feat_on_display
